 Dungeon Crawl Stone Soup version 0.31-a0-303-gdc8c9485ea (webtiles) character file.

Game seed: 1322265832428570221

126 cforsyth the Ruffian (level 5, -1/46 HPs)
             Began as a Meteoran Shapeshifter on July 16, 2023.
             Slain by a lemure (6 damage)
             ... led by Pikel
             ... on level 4 of the Dungeon.
             The game lasted 00:05:47 (954 turns).

cforsyth the Ruffian (Meteoran Shapeshifter)         Turns: 954, Time: 00:05:48

Health: -1/46      AC:  8    Str: 18    XL:     5   Next: 58%
Magic:  6/6        EV:  8    Int:  9    God:
Gold:   91         SH:  0    Dex: 15    Spells: 4/4 levels left

rFire   . .          .
                       - Unarmed
rCold   . . .        (no shield)
rNeg    . . .        n - +0 chain mail
rPois   .            (helmet currently unavailable)
rElec   .            (cloak currently unavailable)
rCorr   .            (gloves currently unavailable)
SInv    .            (boots currently unavailable)
Will    .....        (no amulet) Stlth
                     (no ring)
HPRegen 0.27/turn    (no ring)
MPRegen 0.10/turn

%: no passive effects
@: beast-form, glowing
A: beast (slay +2), sense surroundings 1, otherworldly, glowing, explore regen
a: Begin Untransformation


You were on level 4 of the Dungeon.
You were a hulking beast.
You visited 1 branch of the dungeon, and saw 4 of its levels.

You collected 91 gold pieces.

Inventory:

Armour
 a - a +0 animal skin
 d - a +1 hat
 n - a +0 chain mail (worn)
Talismans
 c - a beast talisman
Wands
 j - a wand of polymorph (6)
Scrolls
 e - a scroll of teleportation {unknown}
 f - a scroll of noise {unknown}
 g - a scroll of silence {unknown}
 h - 3 scrolls of identify {unknown}
 k - a scroll of fog {unknown}
 l - a scroll of torment {unknown}
 m - 2 scrolls of enchant armour {unknown}
 r - a scroll of immolation {unknown}
 s - a scroll of brand weapon {unknown}
Potions
 i - a potion of enlightenment {unknown}
 o - a potion of degeneration {unknown}
 p - a potion of experience {unknown}
 q - a potion of magic {unknown}


   Skills:
 + Level 4.2 Fighting
 - Level 2.4 Dodging
 + Level 4.7 Unarmed Combat
 - Level 3.6 Shapeshifting


You had 4 spell levels left.
You didn't know any spells.
Your spell library contained the following spells:

 Spells                   Type           Power      Damage    Failure   Level
 Poisonous Vapours        Pois/Air       0%         N/A       100%        2
 Frozen Ramparts          Ice            0%         1d1       100%        3
 Mephitic Cloud           Conj/Pois/Air  0%         N/A       100%        3
 Petrify                  Tmut/Erth      0%         N/A       100%        4
 Freezing Cloud           Conj/Ice/Air   0%         6-21      100%        5
 Metabolic Englaciation   Hex/Ice        0%         N/A       100%        5


Dungeon Overview and Level Annotations

Branches:
Dungeon (4/15) Zot: 1448
 Temple: D:4-7

Altars:

Annotations:
D:4 Pikel


Innate Abilities, Weirdness & Mutations

You are a hulking beast.
Your limbs bulge with bestial killing power. (Slay +2)
You passively map a small area around you.
You are easily found by Zot.
You glow in the dark.
You regain HP and MP as you explore.


Message History

The lemure hits you but does no damage.
Pikel hits you with a +1 whip of freezing.
Pikel freezes you.
* * * LOW HITPOINT WARNING * * *
You smack Pikel!
Pikel is heavily wounded.
The lemure hits you but does no damage. Pikel completely misses you.
You hit Pikel.
Pikel is severely wounded.
The lemure hits you but does no damage. Pikel hits you but does no damage.
You smack Pikel!
Pikel is almost dead.
The lemure hits you but does no damage. Pikel completely misses you.
You completely miss Pikel.
Pikel is almost dead.
The lemure hits you.
* * * LOW HITPOINT WARNING * * *
Pikel hits you but does no damage.
You hit Pikel.
Pikel is almost dead.
You hit Pikel but do no damage.
Pikel is almost dead.
You feel less wooden.
Your +0 chain mail unmelds from your body.
You turn into a hulking beast.
The lemure barely misses you.
Pikel hits you with a +1 whip of freezing.
* * * LOW HITPOINT WARNING * * *
Pikel freezes you.
* * * LOW HITPOINT WARNING * * *
You hit Pikel.
Pikel is almost dead.
The lemure closely misses you.
Pikel hits you with a +1 whip of freezing.
* * * LOW HITPOINT WARNING * * *
Pikel freezes you.
* * * LOW HITPOINT WARNING * * *
You closely miss Pikel.
Pikel is almost dead.
The lemure hits you.
You die...

* ,#. * * * #.
, , , .. * *
*#. * * #. *,
#.* * *
.#####.######.#
......5hK5....#
*
#####.#####....
, # * # *


You could see Pikel and 2 lemures.

Vanquished Creatures
  2 lemures (D:4)
  Jessica (D:2)
  4 adders
  An ufetubus (D:3)
  A worm (D:2)
  2 dart slugs
  An orc (D:2)
  8 endoplasms
  A giant cockroach (D:1)
  7 goblins
  6 hobgoblins
  A jackal (D:3)
  2 quokkas
  3 ball pythons
  4 frilled lizards
  4 kobolds
  4 rats
52 creatures vanquished.

Notes
Turn   | Place    | Note
-------+----------+-------------------------------------------
     0 | D:1      | cforsyth the Meteoran Shapeshifter began the quest for the
                  | Orb.
     0 | D:1      | Reached XP level 1. HP: 17/17 MP: 2/2
   114 | D:1      | Reached XP level 2. HP: 25/25 MP: 3/3
   284 | D:1      | Reached XP level 3. HP: 26/30 MP: 4/4
   492 | D:2      | Noticed Jessica
   497 | D:2      | Killed Jessica
   498 | D:2      | Reached XP level 4. HP: 37/38 MP: 5/5
   681 | D:2      | Reached XP level 5. HP: 45/46 MP: 6/6
   914 | D:4      | Noticed a lemure
   914 | D:4      | Noticed a lemure
   916 | D:4      | Noticed Pikel
   918 | D:4      | Noticed a lemure
   922 | D:4      | Noticed a lemure
   926 | D:4      | Killed a lemure
   935 | D:4      | Killed a lemure
   954 | D:4      | Slain by a lemure

Illustrated notes

Levels and vault maps discovered:
D:1:      eino_arrival_tree_alley, layout_basic, ebering_ecumenical_altar_webs,
          chequers_garden
D:2:      layout_basic, hex_tiny, minmay_hexomino_p4, uniq_jessica
D:3:      layout_basic
D:4:      minmay_goblin_kobold_castle, layout_loops_ring, uniq_duvessa,
          uniq_pikel

Skill      XL: |  1  2  3  4  5 |
---------------+----------------+-----
Unarmed Combat | 3 4 |  4.7
Fighting       | 3 4 |  4.2
Dodging        | |  2.4
Shapeshifting  | |  3.6

Action                     |  1- 3 |  4- 6 || total
---------------------------+-------+-------++-------
  Melee: Unarmed           |    74 |    89 ||   163
         Punch             |     4 |     4 ||     8
    Use: Potion            |       |     1 ||     1
 Armour: Animal skin       |    12 |     2 ||    14
         Chain mail        |       |    27 ||    27
         Skin              |       |    35 ||    35
  Dodge: Dodged            |    28 |    34 ||    62

Table legend: (Time is in decaauts)
 A = Elapsed time spent in this place.
 B = Non-inter-level travel time spent in this place.
 C = Inter-level travel time spent in this place.
 D = Time resting spent in this place.
 E = Time spent auto-exploring this place.
 F = Levels seen in this place.
 G = Mean time per level.
                   A        B        C        D        E       F      G
               +--------+--------+--------+--------+--------+-----+--------+
         Total |    950 |    950 |      0 |      0 |      0 |   4 |  237.5 |
       Dungeon |    950 |    950 |      0 |      0 |      0 |   4 |  237.5 |
               +--------+--------+--------+--------+--------+-----+--------+

Top non-repeatable levels by time:
     D:1: 429 daAuts
     D:2: 315 daAuts
     D:3: 161 daAuts
     D:4: 43 daAuts
